 Dungeon Crawl Stone Soup version 0.29.1-2-gbd0b4ee654 (webtiles) character file.

Game seed: 11851831044720543320

52 croobank the Caller (level 3, 0/23 HPs)
             Began as an Octopode Summoner on Nov 9, 2022.
             Slain by an orc
             ... wielding a +0 club
              (6 damage)
             ... on level 3 of the Dungeon.
             The game lasted 00:06:45 (2155 turns).

croobank the Caller (Octopode Summoner)             Turns: 2155, Time: 00:06:45

Health: 0/23       AC:  1    Str:  7    XL:     3   Next: 85%
Magic:  1/6        EV: 13    Int: 19    God:
Gold:   92         SH:  0    Dex: 12    Spells: 1/7 levels left

rFire   . . .      SeeInvis .   h - +0 whip
rCold   + . .      Faith    .   (no shield)
rNeg    . . .      Spirit   .   (helmet restricted)
rPois   .          Reflect  .   (no amulet)
rElec   .          Harm     .   g - ring of protection from cold
rCorr   .          Rampage  .   (no ring)
Will    .....                   (no ring)
Stlth   +++.......              (no ring)
HPRegen 0.07/turn               (no ring)
MPRegen 0.10/turn               (no ring)
                                (no ring)
                                (no ring)

@: no status effects
A: almost no armour, amphibious, 8 rings, camouflage 1, gelatinous body 1,
(nimble swimmer 1), tentacles
a: no special abilities


You were on level 3 of the Dungeon.
You visited 1 branch of the dungeon, and saw 3 of its levels.

You collected 92 gold pieces.

Inventory:

Hand Weapons
 h - a +0 whip (weapon)
 i - a +0 spear
 l - a +0 mace
Jewellery
 g - a ring of protection from cold (left tentacle)
Scrolls
 b - a scroll of teleportation {unknown}
 d - a scroll of enchant armour {unknown}
 e - a scroll of magic mapping {unknown}
 k - a scroll of blinking {unknown}
Potions
 a - a potion of magic
 c - 2 potions of curing {unknown}
 f - a potion of haste {unknown}
 j - 2 potions of heal wounds {unknown}
 m - a potion of mutation {unknown}


   Skills:
 + Level 1.4 Fighting
 + Level 2.6 Dodging
 - Level 2.6 Stealth
 + Level 2.5 Spellcasting
 + Level 4.3 Summonings


You had one spell level left.
You knew the following spells:

 Your Spells              Type           Power      Damage    Failure   Level
a - Summon Small Mammal   Summ           76%        N/A       2%          1
b - Call Imp              Summ           19%        N/A       4%          2
c - Call Canine Familiar  Summ           19%        N/A       8%          3

Your spell library contained the following spells:

 Spells                   Type           Power      Damage    Failure   Level
 Summon Guardian Golem    Hex/Summ       10%        N/A       21%         3
 Summon Lightning Spire   Summ/Air       10%        N/A       54%         4


Dungeon Overview and Level Annotations

Branches:
Dungeon (2/15)

Altars:

Annotations:
D:2 Sigmund


Innate Abilities, Weirdness & Mutations

You cannot wear most types of armour.
You are amphibious.
You can wear up to eight rings at the same time.
Your skin changes colour to match your surroundings (Stealth+).
Your rubbery body absorbs attacks. (AC +1, EV +1)
((You are camouflaged when in or above water. (Stealth+)))
You have tentacles for arms and can constrict up to eight enemies at once.


Message History

The orc hits your hound with a +0 dagger.
Your hound barely misses the orc.
Casting: Summon Small Mammal (safe; 2% risk of failure)
Confirm with . or Enter, or press ? or * to list all spells.
You miscast Call Imp.
You are very lightly contaminated with residual magic.
Nothing appears to happen.
The bat hits you.
* * * LOW HITPOINT WARNING * * *
The bat hits you.
* * * LOW HITPOINT WARNING * * *
Your hound barely misses the orc.
The bat closely misses you. The orc misses your hound. The bat hits your hound.
The bat closely misses your hound.
Your hound bites the orc but does no damage.
Your quokka bites the bat.
The bat dies!
The orc hits your hound but does no damage.
Your hound bites the orc.
The orc attacks as you move away! The orc barely misses you.
Your quokka bites the orc but does no damage.
Your hound bites the orc but does no damage.
The orc barely misses your hound.
Your hound misses the orc. The orc barely misses your hound.
The orc priest calls upon Beogh to heal the orc.
The orc is healed somewhat.
Your hound bites the orc but does no damage.
Your quokka bites the orc priest.
The orc priest miscasts a cantrip.
The orc attacks as you move away! The orc barely misses you.
Casting: Call Imp (safe; 4% risk of failure)
Confirm with . or Enter, or press ? or * to list all spells.
You don't have enough magic to cast this spell.
Your magical contamination has completely faded away.
Casting: Call Imp (safe; 4% risk of failure)
Confirm with . or Enter, or press ? or * to list all spells.
Okay, then.
Okay, then.
Okay, then.
The orc attacks as you move away! The orc hits you with a +0 club.
You die...

#......ho# #....
#.......†####.# #....
#............# #....
##...##.###### ##..# #. ##o#
#.# #< # ###.######.###r#
#..# ............o...# #..#
≈...§...≈.#o##### #...
..........#@# ##########.##
..≈...≈.....####........#.#.
........†...................
≈...§...§.######.######.#...
..........# #.# .#..#
..≈...≈...# #.# ......
..........# #.# #......#
§...≈...§.# #.# #.......
.§........# #.# #...<...


You could see an orc priest and 2 orcs.

Vanquished Creatures
  A jackal (D:1)
  A quokka (D:1)
  A rat (D:1)
3 creatures vanquished.

Vanquished Creatures (collateral kills)
  Jessica (D:2)
  2 endoplasms
  A giant cockroach (D:3)
  A goblin (D:2)
  A hobgoblin (D:3)
  2 jackals
  A quokka (D:1)
  3 ball pythons
  7 bats
  3 rats
22 creatures vanquished.

Vanquished Creatures (others)
  A fungus (D:2)
  3 plants (D:2)
4 creatures vanquished.

Grand Total: 29 creatures vanquished

Notes
Turn   | Place    | Note
-------+----------+-------------------------------------------
     0 | D:1      | croobank the Octopode Summoner began the quest for the Orb.
     0 | D:1      | Reached XP level 1. HP: 11/11 MP: 3/3
   402 | D:1      | Reached XP level 2. HP: 13/18 MP: 1/5
  1283 | D:2      | Noticed Jessica
  1336 | D:2      | Killed Jessica
  1337 | D:2      | Reached skill level 1 in Fighting
  1337 | D:2      | Reached XP level 3. HP: 5/23 MP: 4/6
  1340 | D:2      | Learned a level 2 spell: Call Imp
  1344 | D:2      | Learned a level 3 spell: Call Canine Familiar
  1591 | D:2      | Noticed Sigmund
  1598 | D:2      | Found a faded altar of an unknown god.
  1598 | D:2      | You fall into a shaft and drop 1 floor!
  2155 | D:3      | Slain by an orc

Illustrated notes

Levels and vault maps discovered:
D:1:      wander_arrival_desolate, layout_rooms, hex_large
D:2:      layout_basic, dreamdust_ecumenical_altar_grove, basic_altar,
          uniq_jessica, uniq_robin, uniq_sigmund
D:3:      layout_loops_ring, kennysheep_crisscross,
          nicolae_kite_square_tiling_tiny

Skill      XL: |  1  2 |
---------------+-------+-----
Fighting       | 1 |  1.4
Dodging        | |  2.6
Stealth        | |  2.6
Spellcasting   | |  2.5
Summonings     | |  4.3

Action                   || total
-------------------------++-------
Melee: Unarmed           ||    11
       Constrict         ||     3
       Tentacles         ||     3
       Whip              ||     9
 Cast: Summon Small Mamm ||    44
       Call Imp          ||     4
       Call Canine Famil ||     4
Armor: Skin              ||     5
Dodge: Dodged            ||    25
